 Dungeon Crawl Stone Soup version 0.31-a0-4-gefa6de2278 (webtiles) character file.

Game seed: 15342878850900241500

33035 bande the Cleaver (level 13, -41/82 HPs)
             Began as a Gargoyle Fighter on May 3, 2023.
             Was a High Priest of Okawaru.
             Annihilated by an enormous slime creature (57 damage)
             ... in an ice cave.
             The game lasted 00:27:44 (13692 turns).

bande the Cleaver (Gargoyle Fighter)               Turns: 13692, Time: 00:27:45

Health: -41/82     AC: 36    Str: 27    XL:     13   Next: 68%
Magic:  27/27      EV:  9    Int: 10    God:    Okawaru [*****.]
Gold:   613        SH:  6    Dex: 12    Spells: 12/12 levels left

rFire   + . .        y - +6 broad axe "Sikuzxotiu" {holy, rC++ Str+3 Int-2}
rCold   + + .        c - +0 buckler
rNeg    + . .        H - +7 chain mail of Bakugusu {Int+3}
rPois   ∞            x - +1 helmet
rElec   +            G - +1 cloak
rCorr   .            (no gloves)
SInv    .            f - +2 pair of boots {Fly}
Will    .....        F - amulet of faith Stlth
                     o - ring of protection from fire
HPRegen 0.33/turn    t - ring of magical power
MPRegen 0.20/turn

%: faith
@: flying
A: sickness immunity, AC +9, negative energy resistance 1, electricity
resistance, torment resistance 1, petrification resistance, passive freeze,
strong 1
a: Renounce Religion, Heroism, Finesse, Duel


You were in an ice cave.
You worshipped Okawaru.
Okawaru was extremely pleased with you.
You visited 3 branches of the dungeon, and saw 14 of its levels.
You also visited: Ossuary and Ice Cave.

You collected 1037 gold pieces.
You spent 424 gold pieces at shops.

Inventory:

Hand Weapons
 a - a +1 war axe
 g - the +7 war axe of Subterfuge {freeze, Will+ MP+9}
   (You acquired it on level 4 of the Dungeon)

   MP:        It affects your magic capacity (+9).
   Will:      It increases your willpower.
 l - a +1 long sword of flaming
 y - the +6 broad axe "Sikuzxotiu" (weapon) {holy, rC++ Str+3 Int-2}
   (Okawaru gifted it to you on level 3 of the Lair of Beasts)

   Str:       It affects your strength (+3).
   Int:       It affects your intelligence (-2).
   rC:        It greatly protects you from cold.
 D - a +5 mace
Missiles
 C - 4 throwing nets (quivered)
Armour
 c - a +0 buckler (worn)
 f - a +2 pair of boots of flying (worn)
 x - a +1 helmet (worn)
 G - a +1 cloak (worn)
 H - the +7 chain mail of Bakugusu (worn) {Int+3}
   (You bought it in a shop on level 2 of the Dungeon)

   Int:       It affects your intelligence (+3).
Jewellery
 e - a ring of positive energy
 o - a ring of protection from fire (left hand)
 t - a ring of magical power (right hand)
 E - an amulet of guardian spirit
 F - an amulet of faith (around neck)
 J - a +6 ring of intelligence
 M - a +6 ring of intelligence
Wands
 p - a wand of polymorph (19)
 A - a wand of roots (14)
 I - a wand of paralysis (10)
Scrolls
 j - 6 scrolls of teleportation
 q - 4 scrolls of blinking
 s - 2 scrolls of silence
 u - a scroll of magic mapping
 w - 5 scrolls of fog
 z - a scroll of enchant armour
 N - a scroll of identify
Potions
 b - 2 potions of flight
 d - 5 potions of might
 h - 2 potions of brilliance
 i - 4 potions of resistance
 k - 2 potions of curing
 m - a potion of haste
 n - 3 potions of ambrosia
 r - 2 potions of cancellation
 v - 2 potions of invisibility
 B - 4 potions of mutation
 K - a potion of heal wounds
 L - a potion of berserk rage


   Skills:
 + Level 10.0 Fighting
 + Level 12.9 Axes
 + Level 9.8 Armour
 + Level 8.2 Shields
 + Level 7.8 Invocations
 + Level 8.0 Evocations


You had 12 spell levels left.
You didn't know any spells.
Your spell library contained the following spells:

 Spells                   Type           Power      Damage    Failure   Level
 Sandblast                Erth           0%         2d4       85%         1
 Slow                     Hex            0%         N/A       85%         1
 Passwall                 Tmut/Erth      0%         N/A       94%         2
 Scorch                   Fire           0%         2d5       94%         2
 Wereblood                Tmut           0%         N/A       94%         2
 Confusing Touch          Hex            0%         N/A       99%         3
 Ignite Poison            Fire/Tmut/Pois 0%         N/A       99%         3
 Portal Projectile        Hex/Tloc       0%         N/A       99%         3
 Stone Arrow              Conj/Erth      0%         3d7       99%         3
 Vampiric Draining        Necr           0%         2d6       99%         3
 Flame Wave               Conj/Fire      0%         2d4       100%        4
 Sticky Flame             Conj/Fire      0%         2d3       100%        4
 Alistair's Intoxication  Tmut/Pois      0%         N/A       100%        5
 Blade Hands              Tmut           0%         N/A       100%        5
 Borgnjor's Vile Clutch   Necr/Erth      0%         N/A       100%        5
 Conjure Ball Lightning   Conj/Air       0%         3x3d6     100%        6
 Eringya's Noxious Bog    Tmut/Pois      0%         N/A       100%        6
 Discord                  Hex            0%         N/A       100%        8
 Disjunction              Tloc           0%         N/A       100%        8
 Ignition                 Fire           0%         3d3       100%        8
 Sublimation of Blood     Necr           Unusable   N/A       N/A         2
 Tukima's Dance           Hex            Unusable   N/A       N/A         3
 Animate Dead             Necr           Unusable   N/A       N/A         4
 Death Channel            Necr           Unusable   N/A       N/A         6
 Summon Cactus Giant      Summ           Unusable   N/A       N/A         6
 Summon Hydra             Summ           Unusable   N/A       N/A         7

Dungeon Overview and Level Annotations

Branches:
Dungeon (9/15)             Temple (1/1) D:6            Lair (4/5) D:9
 Shoals (0/4) Lair:2       Spider (0/4) Lair:2        Slime (0/5) Lair:4
Ossuary (visited)           IceCv (1/1)
    Orc: D:9-12

Altars:
Ashenzari
Cheibriados
Dithmenos
Elyvilon
Fedhas
Gozag
Hepliaklqana
Kikubaaqudgha
Makhleb
Nemelex Xobeh
Okawaru
Qazlal
Ru
Sif Muna
Trog
Uskayaw
Vehumet
Wu Jian
Xom
Yredelemnul
Zin
The Shining One

Shops:
D:2 [   D:3 *   D:8 :

Annotations:
Lair:1 exclusion: oklob plant IceCv exclusion: ice statue


Innate Abilities, Weirdness & Mutations

You are immune to sickness and miasma.
Your stone body is resilient. (AC +9)
You are immune to poison.
You resist negative energy. (rN+)
You are resistant to electric shocks. (rElec)
You are resistant to unholy torment.
You are immune to petrification.
A frigid envelope surrounds you and freezes all who hurt you.
Your muscles are strong. (Str +4, Int/Dex -1)


Message History

The slime creature is very cold.
The slime creature is lightly wounded.
Two slime creatures merge to form a large slime creature.
The slime creature completely misses you.
You slice the slime creature!!
The slime creature is almost dead.
You slice the slime creature!!
The slime creature hits you but does no damage.
The slime creature is very cold.
The slime creature is almost dead.
Two slime creatures merge to form a large slime creature.
You hit the slime creature.
You kill the slime creature!
Okawaru accepts your kill.
You slash the large slime creature!
Two slime creatures merge to form an enormous slime creature.
Your Fighting skill increases to level 10!
Unknown command.
Unknown command.
You slice the enormous slime creature!!
The enormous slime creature is moderately wounded.
Unknown command.
You slash the enormous slime creature!
The enormous slime creature is moderately wounded.
You block the enormous slime creature's attack.
You slice the enormous slime creature!!
The enormous slime creature is moderately wounded.
The enormous slime creature barely misses you.
You slash the enormous slime creature!
The enormous slime creature is heavily wounded.
The enormous slime creature hits you!!!
Ouch! That really hurt!
* * * LOW HITPOINT WARNING * * *
The enormous slime creature is very cold.
The enormous slime creature is heavily wounded.
You slice the enormous slime creature!!
The enormous slime creature is heavily wounded.
The enormous slime creature hits you!!!
Ouch! That really hurt!
You die...

8.##.####.##
..#..# ###
.##..# ##.##
#..# ##..#
##..##
##...#
#.J@## #..##
.....
#......
#.....#
##...# ####


You could see an enormous slime creature.

Vanquished Creatures
  A hydra (Lair:2)
  3 death yaks (D:8)
  A skyshark (Lair:3)
  Pikel (D:5)
  2 merfolk sirens (Lair:2)
  3 black mambas
  Maggie (D:7)
  A kobold demonologist (D:9)
  2 cane toads (Lair:2)
  A torpor snail (Lair:3)
  The ghost of turdburglar the Cudgeller, a novice GrFi of Okawaru (D:3)
  A komodo dragon (Lair:1)
  2 merfolk (Lair:2)
  A troll (D:9)
  A polar bear (Lair:2)
  12 blink frogs
  A hornet (D:5)
  4 slime creatures (IceCv)
  A wraith (D:8)
  2 wyverns
  A basilisk (Lair:3)
  31 yaks
  3 steam dragons
  2 redbacks (Lair:2)
  Edmund (D:6)
  An acid dragon (D:9)
  7 water moccasins
  2 orc warriors
  A great orb of eyes simulacrum (IceCv)
  2 ice beasts
  A black bear (D:5)
  3 sky beasts
  3 centaurs
  5 wolves
  4 lemures (D:5)
  2 ogres
  A phantom (D:5)
  2 slime creature simulacra (IceCv)
  3 kobold brigands
  Blork the orc (D:5)
  3 gnoll sergeants
  5 bullfrogs
  A scorpion (D:4)
  2 glowing shapeshifter simulacra (IceCv)
  11 wights
  14 killer bees
  A howler monkey (D:6)
  3 hounds
  2 centaur zombies (Ossuary)
  A human zombie (Ossuary)
  4 orc priests
  A gnoll bouda (D:7)
  A jelly (D:6)
  3 iguanas
  A sleepcap (D:6)
  8 hell rats
  6 orc wizards
  A shapeshifter simulacrum (IceCv)
  2 mummies (Ossuary)
  19 gnolls
  5 adders
  A river rat (D:9)
  2 shadow imps
  A white imp (D:5)
  3 ufetubi
  2 worms (D:4)
  2 dart slugs
  28 orcs
  5 bats
  5 endoplasms
  4 giant cockroaches
  3 hobgoblins
  2 jackals (D:5)
  20 kobolds
  6 quokkas
  6 ball pythons
  4 frilled lizards
  A gnoll zombie (Ossuary)
  8 goblins
  4 goblin zombies
  A hobgoblin zombie (Ossuary)
  4 rats
  A rat zombie (D:4)
325 creatures vanquished.

Vanquished Creatures (others)
  A rat (D:9)
  4 fungi (Lair:2)
  8 plants
13 creatures vanquished.

Grand Total: 338 creatures vanquished

Notes
Turn   | Place    | Note
-------+----------+-------------------------------------------
     0 | D:1      | bande the Gargoyle Fighter began the quest for the Orb.
     0 | D:1      | Reached XP level 1. HP: 14/14 MP: 1/1
   251 | D:1      | You fall into a shaft and drop 1 floor!
   262 | D:2      | Reached XP level 2. HP: 16/19 MP: 2/2
   421 | D:1      | Reached skill level 2 in Axes
   654 | D:1      | Reached XP level 3. HP: 23/23 MP: 3/3
  1211 | D:2      | Found Plog's Antique Armour Shop.
  1330 | D:2      | Found a sacrificial altar of Ru.
  1441 | D:3      | Identified the +0 leather armour of Yredelemnul's Reproof
                  | {Harm Str+5}
  1747 | D:4      | Noticed turdburglar's ghost (novice GrFi)
  1747 | D:4      | Found a runed translucent gate.
  1747 | D:4      | Found a runed translucent gate.
  1747 | D:4      | Found a runed translucent gate.
  1748 | D:4      | Identified the +3 dagger of Qulougesch {holy, rC+}
  1750 | D:4      | Reached XP level 4. HP: 24/29 MP: 4/4
  1797 | D:4      | Found a glowing silver altar of Zin.
  1864 | D:4      | Found a sand-covered staircase.
  1872 | Ossuary  | Entered an ossuary
  1951 | Ossuary  | Reached skill level 3 in Axes
  1951 | Ossuary  | Reached XP level 5. HP: 24/33 MP: 5/5
  2544 | D:4      | Reached XP level 6. HP: 28/38 MP: 6/6
  2546 | D:4      | Reached skill level 4 in Axes
  2729 | D:4      | Identified the +6 chain mail "Leker" {Int-4 Dex+6}
  2729 | D:4      | Noticed an orc warrior
  2768 | D:4      | Found a stormy altar of Qazlal.
  2771 | D:4      | Found a blossoming altar of Fedhas.
  2854 | D:4      | Identified a scroll of acquirement
  2854 | D:4      | Acquired the +7 war axe of Subterfuge {freeze, Will+ MP+9}
  3522 | D:3      | Killed turdburglar's ghost
  3523 | D:3      | Reached skill level 5 in Axes
  3523 | D:3      | Reached skill level 5 in Armour
  3523 | D:3      | Reached skill level 1 in Evocations
  3523 | D:3      | Reached XP level 7. HP: 26/44 MP: 7/7
  4150 | D:2      | Bought a pair of glowing boots for 187 gold pieces
  4183 | D:3      | Found Uqyinin's Assorted Antiques.
  4249 | D:5      | Entered Level 5 of the Dungeon
  4267 | D:4      | Reached skill level 5 in Fighting
  4267 | D:4      | Reached XP level 8. HP: 49/49 MP: 8/8
  4368 | D:5      | Reached skill level 6 in Axes
  4379 | D:5      | Found a burning altar of Makhleb.
  4380 | D:5      | Found a hazy altar of Hepliaklqana.
  4381 | D:5      | Found a basalt altar of Yredelemnul.
  4390 | D:5      | Found a shimmering altar of Xom.
  4428 | D:5      | Noticed Pikel
  4429 | D:5      | Noticed a hornet
  4431 | D:5      | Noticed Blork the orc
  4440 | D:5      | Killed a hornet
  4441 | D:5      | Reached skill level 7 in Axes
  4450 | D:5      | Killed Pikel
  4451 | D:5      | Reached skill level 5 in Shields
  4451 | D:5      | Reached XP level 9. HP: 27/55 MP: 9/9
  4451 | D:5      | Killed Blork the orc
  4838 | D:5      | Found a radiant altar of Vehumet.
  4847 | D:5      | Found an ancient bone altar of Kikubaaqudgha.
  4952 | D:5      | Found a glowing golden altar of the Shining One.
  4963 | D:5      | Reached skill level 8 in Axes
  5102 | D:6      | Found a staircase to the Ecumenical Temple.
  5110 | Temple   | Entered the Ecumenical Temple
  5185 | Temple   | Became a worshipper of Warmaster Okawaru
  5257 | D:6      | Noticed Edmund
  5267 | D:6      | Killed Edmund
  5268 | D:6      | Reached skill level 1 in Invocations
  5511 | D:6      | Reached * piety under Okawaru
  5522 | D:6      | Reached XP level 10. HP: 45/61 MP: 11/11
  5877 | D:7      | Noticed Maggie
  5884 | D:7      | Killed Maggie
  5885 | D:7      | Reached skill level 9 in Axes
  5885 | D:7      | Reached skill level 5 in Evocations
  6495 | D:2      | Bought a heavily runed chain mail for 237 gold pieces
  6495 | D:2      | Identified the +7 chain mail of Bakugusu {Int+3} (You
                  | bought it in a shop on level 2 of the Dungeon)
  7186 | D:8      | Reached ** piety under Okawaru
  7439 | D:8      | Found Xuuque's Book Emporium.
  7551 | D:8      | Found an ornate altar of the Wu Jian Council.
  8500 | D:9      | Noticed a death yak
  8502 | D:9      | Found a staircase to the Lair.
  8502 | D:9      | Noticed a death yak
  8505 | D:9      | Noticed a death yak
  8701 | D:8      | Killed a death yak
  8701 | D:8      | Reached *** piety under Okawaru
  8776 | D:8      | Killed a death yak
  8777 | D:8      | Reached skill level 10 in Axes
  8922 | D:8      | Reached XP level 11. HP: 63/67 MP: 14/14
  8928 | D:8      | Killed a death yak
  9373 | D:8      | Reached **** piety under Okawaru
  9892 | D:9      | Reached skill level 5 in Invocations
 10235 | Lair:1   | Entered Level 1 of the Lair of Beasts
 10321 | Lair:1   | Gained mutation: Armour fits poorly on your strangely
                  | shaped body. [potion of mutation]
 10321 | Lair:1   | Gained mutation: Your spells are a little harder to cast,
                  | but a little more powerful. [potion of mutation]
 10322 | Lair:1   | Lost mutation: Your spells are a little harder to cast, but
                  | a little more powerful. [potion of mutation]
 10322 | Lair:1   | Lost mutation: Armour fits poorly on your strangely shaped
                  | body. [potion of mutation]
 10322 | Lair:1   | Gained mutation: A frigid envelope surrounds you and
                  | freezes all who hurt you. [potion of mutation]
 10322 | Lair:1   | Gained mutation: Your muscles are strong. (Str +4, Int/Dex
                  | -1) [potion of mutation]
 10427 | Lair:1   | Identified the +1 whip "Zur Yseho" {distort, rPois Dex+3}
 10615 | Lair:1   | Reached ***** piety under Okawaru
 10741 | Lair:1   | Received a gift from Okawaru
 10742 | Lair:1   | Reached skill level 11 in Axes
 10917 | Lair:1   | Noticed an oklob plant
 11250 | Lair:2   | Reached XP level 12. HP: 72/74 MP: 16/16
 11272 | Lair:2   | Identified the +5 mace of Jakhooti {pain, Contam rC- Str+9}
 11312 | Lair:2   | Identified the +2 robe of Arelir {+Inv Str+3 Dex+4}
                  | (Okawaru gifted it to you on level 2 of the Lair of Beasts)
 11312 | Lair:2   | Received a gift from Okawaru
 11319 | Lair:2   | Found a hole to the Spider Nest.
 11439 | Lair:2   | Reached XP level 13. HP: 80/80 MP: 18/18
 11588 | Lair:2   | Reached skill level 12 in Axes
 12069 | Lair:2   | Found a staircase to the Shoals.
 12571 | Lair:3   | Identified the +6 broad axe "Sikuzxotiu" {holy, rC++ Str+3
                  | Int-2} (Okawaru gifted it to you on level 3 of the Lair of
                  | Beasts)
 12571 | Lair:3   | Received a gift from Okawaru
 13161 | Lair:4   | Found a frozen archway.
 13170 | IceCv    | Entered an ice cave
 13687 | IceCv    | Reached skill level 10 in Fighting
 13692 | IceCv    | Annihilated by an enormous slime creature

Illustrated notes

Levels and vault maps discovered:
D:1:      nzn_arrival_crosshair, layout_loops_ring
D:2:      layout_loops_cross, basic_altar, serial_shops, shop
D:3:      layout_basic, serial_shops, shop
D:4:      layout_loops_ring, grunt_temple_overflow_forces_of_nature,
          lemuel_round_altar, biasface_ghost_orc_armoury, enter_ossuary_4,
          minmay_circle_x
D:5:      layout_rooms, mainiacjoe_overflow_swirl,
          nicolae_overflow_quartered_altars, lemuel_doored_altar,
          dreamdust_princess_bridge, uniq_blork_the_orc, uniq_pikel
D:6:      layout_cave_pools, minmay_temple_entry_overgrown, uniq_edmund
D:7:      layout_basic, uniq_maggie
D:8:      layout_basic, pdpol_wu_jian_five_deadly_venoms, serial_shops,
          nicolae_shop_just_a_little_nook, dreamdust_wishing_well,
          chequers_serial_rivers_small_a, dreamdust_princess_corridor
D:9:      layout_basic, dpeg_lair_monsters, hangedman_misty_isle
Temple:   jpeg_temple_clearing
Lair:1:   minmay_lair_oklob_tunnel, layout_regular_city
Lair:2:   layout_roguey, elwin_shoals_entry_stream, spider_nest_entry_webs
Lair:3:   layout_roguey
Lair:4:   layout_long_grid, minmay_slime_entry_jelly_boxes,
          portal_ice_cave_entry_pillars_2, serial_bayou_shore_a,
          infiniplex_staircase_pool_2
IceCv:    ice_cave_hellmonk_azure_passage

Skill      XL: |  1  2  3  4  5  6  7  8  9 10 11 12 13 |
---------------+----------------------------------------+-----
Axes           | 2 3 5 7 8 10 11 12 | 12.9
Armour         | 4 5 6 7 8 9 |  9.8
Fighting       | 4 5 6 7 8 9 10 | 10.0
Shields        | 4 5 6 7 8 |  8.2
Evocations     | 1 2 3 4 5 6 8 |  8.0
Invocations    | 2 4 6 7 |  7.8

Action                     |  1- 3 |  4- 6 |  7- 9 | 10-12 | 13-15 || total
---------------------------+-------+-------+-------+-------+-------++-------
  Melee: War axe           |   127 |   179 |   150 |   356 |    84 ||   896
         Broad axe         |       |       |       |       |    51 ||    51
         Long sword        |       |       |       |       |     3 ||     3
    Use: Scroll            |     8 |     9 |     2 |    10 |     1 ||    30
         Potion            |       |       |     1 |     6 |       ||     7
 Armour: Scale mail        |    32 |       |       |       |       ||    32
         Chain mail        |    52 |   128 |   149 |   322 |   103 ||   754
  Dodge: Dodged            |    62 |    48 |    49 |   143 |    47 ||   349
  Block: Buckler           |    23 |    32 |    54 |   114 |    34 ||   257

Table legend: (Time is in decaauts)
 A = Elapsed time spent in this place.
 B = Non-inter-level travel time spent in this place.
 C = Inter-level travel time spent in this place.
 D = Time resting spent in this place.
 E = Time spent auto-exploring this place.
 F = Levels seen in this place.
 G = Mean time per level.
                   A        B        C        D        E       F      G
               +--------+--------+--------+--------+--------+-----+--------+
         Total |  13864 |  13400 |    464 |   3214 |   7162 |  16 |  866.5 |
       Dungeon |   9700 |   9306 |    394 |   2162 |   5012 |   9 | 1077.8 |
        Temple |     87 |     70 |     17 |      0 |     54 |   1 |   87.0 |
          Lair |   2930 |   2877 |     53 |    449 |   1813 |   4 |  732.5 |
       Ossuary |    625 |    625 |      0 |    282 |    157 |   1 |  625.0 |
      Ice Cave |    521 |    521 |      0 |    321 |    126 |   1 |  521.0 |
               +--------+--------+--------+--------+--------+-----+--------+

Top non-repeatable levels by time:
     D:8: 1826 daAuts
     D:4: 1382 daAuts
  Lair:2: 1347 daAuts
     D:9: 1299 daAuts
     D:7: 1095 daAuts
     D:3: 932 daAuts
     D:5: 874 daAuts
     D:2: 840 daAuts
  Lair:1: 809 daAuts
     D:6: 733 daAuts
  Lair:3: 726 daAuts
     D:1: 715 daAuts
 Ossuary: 625 daAuts
   IceCv: 521 daAuts
  Temple: 87 daAuts
